 Dungeon Crawl Stone Soup version 0.21.1-1-g345015fe64 (webtiles) character file.

440 Htamos the Cudgeler (level 7, 0/52 HPs)
             Began as a Formicid Fighter on July 14, 2018.
             Was an Initiate of Qazlal.
             Slain by Pikel
             ... wielding a +0 whip of flaming
              (1 damage)
             ... on level 4 of the Dungeon.
             The game lasted 00:07:24 (3030 turns).

Htamos the Cudgeler (Formicid Fighter)              Turns: 3030, Time: 00:07:24

Health: 0/52       AC:  6    Str: 21 (23) XL:     7   Next: 22%
Magic:  7/7        EV:  7    Int: 10 (12) God:    Qazlal [......]
Gold:   99         SH:  9    Dex:  9 (10) Spells: 6/6 levels left

rFire    . . .     SeeInvis +   q - +0 whip
rCold    . . .     Gourm    .   c - +0 shield
rNeg     . . .     Faith    .   b - +0 scale mail
rPois    .         Spirit   .   (helmet unavailable)
rElec    .         Reflect  .   (no cloak)
rCorr    .         Harm     .   (no gloves)
MR       .....                  (no boots)
Stlth    ..........             (no amulet)
HPRegen  0.17/turn              (no ring)
MPRegen  0.10/turn              (no ring)

@: brilliant
A: permanent stasis, dig shafts and tunnels, four strong arms, antennae 3
a: Dig, Shaft Self, Renounce Religion


You were on level 4 of the Dungeon.
You worshipped Qazlal.
Qazlal was noncommittal.
You were not hungry.

You visited 1 branch of the dungeon, and saw 4 of its levels.

You collected 99 gold pieces.

Inventory:

Hand Weapons
 a - a +0 flail
 g - a +2 short sword of freezing
 h - a +0 hunting sling
 q - a +0 whip (weapon)
 x - a +0 blowgun
Missiles
 l - 134 stones (quivered)
 w - 33 poisoned needles
Armour
 b - a +0 scale mail (worn)
 c - a +0 shield (worn)
Jewellery
 s - an uncursed amulet of magic regeneration {unknown}
Scrolls
 e - 2 scrolls of teleportation {unknown}
 i - 2 scrolls of enchant armour {unknown}
 k - a scroll of blinking {unknown}
 m - 2 scrolls of fear {unknown}
 n - 4 scrolls of enchant weapon {unknown}
 o - a scroll of magic mapping {unknown}
 p - 3 scrolls of noise {unknown}
 r - 4 scrolls of identify {unknown}
 t - a scroll of remove curse {unknown}
 u - a scroll of immolation {unknown}
Potions
 v - a potion of brilliance
Comestibles
 d - a chunk of flesh
 f - 12 rations


   Skills:
 - Level 3.2 Fighting
 + Level 7.3 Maces & Flails
 - Level 3.2 Armour
 - Level 3.6 Shields


You had 6 spell levels left.
You didn't know any spells.

Dungeon Overview and Level Annotations

Branches:
Dungeon (4/15)
 Temple: D:4-7

Altars:
Fedhas
Qazlal
Yredelemnul

Annotations:
D:4 Pikel


Innate Abilities, Weirdness & Mutations

You cannot be hasted, slowed, berserked, paralysed or teleported.
You can dig through walls and to a lower floor.
Your four strong arms can wield two-handed weapons with a shield.
You have a pair of large antennae on your head. (SInv)


Message History

You hit Pikel.
Pikel is almost dead.
Pikel hits you with a whip of flaming!
* * * LOW HITPOINT WARNING * * *
Pikel burns you.
* * * LOW HITPOINT WARNING * * *
You closely miss Pikel.
Pikel is almost dead.
You block Pikel's attack.
You barely miss Pikel.
Pikel is almost dead.
Your shield and scale mail prevent you from hitting Pikel.
Pikel is almost dead.
You block Pikel's attack.
You barely miss Pikel.
Pikel is almost dead.
Pikel hits you with a whip of flaming.
* * * LOW HITPOINT WARNING * * *
Pikel burns you.
You die...

.. #####
.##...
.....
#..p.
#...##
#.... {
#...######
#..ppK@#
########


You could see Pikel and 2 slaves.

Vanquished Creatures
  A human (D:2)
  A phantom (D:2)
  An orc priest (D:3)
  Jessica (D:2)
  Robin (D:2)
  4 adders (D:3)
  An ooze (D:2)
  A worm (D:2)
  3 dart slugs
  A leopard gecko (D:2)
  2 orcs (D:3)
  6 giant cockroaches
  18 goblins
  11 hobgoblins
  10 jackals (D:1)
  13 kobolds
  2 quokkas (D:2)
  2 ball pythons
  7 bats
  2 frilled lizards (D:1)
  3 jackal skeletons (D:2)
  6 rats
97 creatures vanquished.

Notes
Turn   | Place    | Note
-------+----------+-------------------------------------------
     0 | D:1      | Htamos the Formicid Fighter began the quest for the Orb.
     0 | D:1      | Reached XP level 1. HP: 18/18 MP: 1/1
    76 | D:1      | Reached XP level 2. HP: 23/24 MP: 2/2
    94 | D:1      | Reached skill level 3 in Maces & Flails
   236 | D:1      | Reached XP level 3. HP: 25/29 MP: 3/3
   959 | D:2      | Found a runed door.
   959 | D:2      | Noticed a human
   981 | D:2      | Found a basalt altar of Yredelemnul.
  1014 | D:2      | Reached skill level 4 in Maces & Flails
  1014 | D:2      | Reached XP level 4. HP: 35/35 MP: 4/4
  1045 | D:2      | Found a faded altar of an unknown god.
  1066 | D:2      | Noticed Robin
  1138 | D:2      | Killed Robin
  1229 | D:2      | Noticed Jessica
  1235 | D:2      | Killed Jessica
  1235 | D:2      | Reached skill level 5 in Maces & Flails
  1235 | D:2      | Reached XP level 5. HP: 31/41 MP: 5/5
  1394 | D:2      | Noticed a phantom
  1505 | D:2      | Killed a phantom
  1505 | D:2      | Reached skill level 6 in Maces & Flails
  1505 | D:2      | Reached XP level 6. HP: 26/47 MP: 6/6
  1947 | D:2      | Killed a human
  2383 | D:3      | Reached XP level 7. HP: 52/52 MP: 7/7
  2405 | D:3      | Reached skill level 7 in Maces & Flails
  2911 | D:3      | Found a blossoming altar of Fedhas.
  2913 | D:3      | Found a stormy altar of Qazlal.
  2949 | D:3      | Became a worshipper of Qazlal Stormbringer
  2981 | D:4      | Noticed Pikel
  3030 | D:4      | HP: 1/52 [Pikel/whip of flaming (4)]
  3030 | D:4      | Slain by Pikel

Skill      XL: |  1  2  3  4  5  6  7 |
---------------+----------------------+-----
Maces & Flails | 3 4 5 6 7 |  7.3
Fighting       | |  3.2
Armour         | |  3.2
Shields        | |  3.6

Action                   |  1- 3 |  4- 6 |  7- 9 || total
-------------------------+-------+-------+-------++-------
Melee: Flail             |    25 |       |       ||    25
       Short sword       |    70 |       |       ||    70
       Whip              |    29 |   193 |   129 ||   351
Throw: Stone             |       |    12 |       ||    12
  Use: Potion            |       |     3 |     4 ||     7
  Eat: Chunk             |       |     5 |     2 ||     7
Armor: Scale mail        |    49 |    54 |    24 ||   127
Dodge: Dodged            |    31 |    60 |    31 ||   122
Block: Shield            |    52 |    78 |    49 ||   179
